[Event "NOR-ch Clubs 2017"]
[Site "Kristiansund"]
[Date "2017.10.22"]
[Round "6"]
[White "Hagen, Brede Andre Larsen"]
[Black "Barna, Andre"]
[Result "1/2-1/2"]
[ECO "B06"]
[WhiteElo "2069"]
[BlackElo "2148"]
[Annotator "NA"]
[PlyCount "24"]
[EventDate "2017.??.??"]
[EventType "team-tourn"]
[EventCountry "NOR"]
[SourceTitle "playchess.com"]
[Source "ChessBase"]
[SourceQuality "1"]
[TimeControl "40/5400:1800"]

1. e4 g6 2. Nc3 Bg7 3. d4 d5 4. exd5 c6 5. dxc6 Bxd4 6. Nge2 Bxc3+ 7. Nxc3 Qxd1+ 8. Nxd1 Nxc6 9. Ne3 Be6 10. Bd2 O-O-O 11. O-O-O Nh6 12. Bd3 Ne5 1/2-1/2

[Event "NOR-ch Clubs 2017"]
[Site "Kristiansund"]
[Date "2017.10.22"]
[Round "6"]
[White "Dahl, Torbjorn"]
[Black "Kaasen, Tor Fredrik"]
[Result "0-1"]
[ECO "B22"]
[WhiteElo "1974"]
[BlackElo "2371"]
[Annotator "NA"]
[PlyCount "54"]
[EventDate "2017.??.??"]
[EventType "team-tourn"]
[EventCountry "NOR"]
[SourceTitle "playchess.com"]
[Source "ChessBase"]
[SourceQuality "1"]
[TimeControl "40/5400:1800"]

1. e4 c5 2. c3 Nf6 3. d3 Nc6 4. Nf3 e5 5. Be2 Be7 6. O-O d5 7. exd5 Qxd5 8. Nbd2 O-O 9. Re1 Re8 10. d4 exd4 11. Bc4 Qh5 12. cxd4 cxd4 13. Ne4 Nxe4 14. Rxe4 Bg4 15. Qb3 Bxf3 16. gxf3 Bd6 17. Bd2 Qxh2+ 18. Kf1 Qh1+ 19. Ke2 Rxe4+ 20. fxe4 Qxe4+ 21. Kd1 Ne5 22. Bd5 Qg4+ 23. f3 Qg1+ 24. Be1 Re8 25. Rc1 d3 26. Qxb7 Qg2 27. Rc8 Qe2+ 0-1

[Event "NOR-ch Clubs 2017"]
[Site "Kristiansund"]
[Date "2017.10.22"]
[Round "6"]
[White "Simensen, Vegard"]
[Black "Ranaldi, Lucas"]
[Result "0-1"]
[ECO "A47"]
[WhiteElo "1969"]
[BlackElo "2267"]
[Annotator "NA"]
[PlyCount "88"]
[EventDate "2017.??.??"]
[EventType "team-tourn"]
[EventCountry "NOR"]
[SourceTitle "playchess.com"]
[Source "ChessBase"]
[SourceQuality "1"]
[TimeControl "40/5400:1800"]

1. d4 Nf6 2. Nf3 b6 3. g3 Bb7 4. Bg2 c5 5. O-O g6 6. c4 cxd4 7. Nxd4 Bxg2 8. Kxg2 Bg7 9. Nc3 O-O 10. e4 Nc6 11. Nxc6 dxc6 12. Qe2 Nd7 13. Rd1 Bxc3 14. bxc3 Qc7 15. Bf4 e5 16. Bh6 Rfd8 17. Bg5 f6 18. Be3 Nf8 19. h4 Rxd1 20. Rxd1 Rd8 21. c5 b5 22. Qc2 Rxd1 23. Qxd1 Qd7 24. Qb3+ Qf7 25. Qa3 f5 26. Qa6 Qd7 27. exf5 gxf5 28. Qa3 Ne6 29. Kh2 f4 30. gxf4 exf4 31. Bd4 Nxd4 32. cxd4 Qxd4 33. Qxa7 Qxf2+ 34. Kh1 Qxh4+ 35. Kg2 Qg3+ 36. Kf1 Qf3+ 37. Kg1 h5 38. Qb8+ Kf7 39. Qc7+ Kf6 40. Qd6+ Kf5 41. Qd7+ Kg5 42. Qe7+ Kg4 43. Qe6+ Kg3 44. Qg6+ Kh3 0-1

[Event "NOR-ch Clubs 2017"]
[Site "Kristiansund"]
[Date "2017.10.22"]
[Round "6"]
[White "Dronen, Ole Reza"]
[Black "Lillelokken, Kjell A"]
[Result "1-0"]
[ECO "A03"]
[WhiteElo "1797"]
[BlackElo "2128"]
[Annotator "NA"]
[PlyCount "65"]
[EventDate "2017.??.??"]
[EventType "team-tourn"]
[EventCountry "NOR"]
[SourceTitle "playchess.com"]
[Source "ChessBase"]
[SourceQuality "1"]
[TimeControl "40/5400:1800"]

1. f4 d5 2. Nf3 g6 3. e3 Bg7 4. Be2 f5 5. O-O Nf6 6. c4 e6 7. Nc3 O-O 8. d4 c6 9. c5 b6 10. b4 a5 11. Na4 bxc5 12. bxc5 Nbd7 13. Rb1 Ne4 14. Bd2 h6 15. Qe1 Nxd2 16. Qxd2 g5 17. Nb6 Ra7 18. fxg5 hxg5 19. Nxc8 Qxc8 20. Nxg5 Qe8 21. Rf3 Qe7 22. Rg3 e5 23. Rf1 f4 24. exf4 exd4 25. Qd3 Rf6 26. Qh7+ Kf8 27. Bg4 Nxc5 28. Qh3 Rh6 29. Bh5 Ra8 30. Qf5+ Kg8 31. Bf7+ Kh8 32. Rh3 Qd6 33. Qh7+ 1-0

[Event "NOR-ch Clubs 2017"]
[Site "Kristiansund"]
[Date "2017.10.22"]
[Round "6"]
[White "Unhjem, Bjorn Robert Lovoll"]
[Black "Schouten, Mathias Lind"]
[Result "1-0"]
[ECO "C63"]
[WhiteElo "1726"]
[BlackElo "1750"]
[Annotator "NA"]
[PlyCount "131"]
[EventDate "2017.??.??"]
[EventType "team-tourn"]
[EventCountry "NOR"]
[SourceTitle "playchess.com"]
[Source "ChessBase"]
[SourceQuality "1"]
[TimeControl "40/5400:1800"]

1. e4 e5 2. Nf3 Nc6 3. Bb5 f5 4. d4 exd4 5. exf5 Nf6 6. O-O Be7 7. Bxc6 dxc6 8. Nxd4 c5 9. Ne6 Qxd1 10. Rxd1 Bxe6 11. fxe6 Rd8 12. Re1 Bd6 13. Nc3 Rf8 14. Bg5 h6 15. Bxf6 Rxf6 16. g3 c6 17. Re2 Ke7 18. Rae1 Rdf8 19. Ne4 Rxe6 20. Nxc5 Rxe2 21. Rxe2+ Kf7 22. Nxb7 Be7 23. Na5 c5 24. Nc6 Bf6 25. c3 Rc8 26. Ne5+ Kg8 27. Nd7 Bg5 28. h4 Bd8 29. Nxc5 Bxh4 30. Nb7 Bf6 31. Nd6 Rc6 32. Re8+ Kh7 33. Ne4 Kg6 34. Nxf6 Kxf6 35. Kf1 Rb6 36. Re2 g5 37. g4 Kg6 38. Ke1 h5 39. gxh5+ Kxh5 40. b3 Kg4 41. Re3 Kf4 42. Kd2 g4 43. c4 Rd6+ 44. Ke2 Ra6 45. a4 Rc6 46. Kd2 a5 47. Kc3 Rf6 48. Kd4 Rd6+ 49. Kc3 Rf6 50. c5 Kg5 51. Re2 Rf4 52. c6 Rf6 53. Re5+ Kh4 54. Rc5 Rxf2 55. c7 Kh3 56. c8=Q Rg2 57. Rh5+ Kg3 58. Qc7+ Kf2 59. Qf4+ Kg1 60. Rd5 Kh1 61. Rd1+ Rg1 62. Qh6+ Kg2 63. Rd2+ Kf3 64. Qf6+ Kg3 65. Qf2+ Kh3 66. Qh2# 1-0

[Event "NOR-ch Clubs 2017"]
[Site "Kristiansund"]
[Date "2017.10.22"]
[Round "6"]
[White "Skog, Jan Erik"]
[Black "Holmen, Ove Reidar"]
[Result "0-1"]
[ECO "A49"]
[WhiteElo "1624"]
[BlackElo "1853"]
[Annotator "NA"]
[PlyCount "42"]
[EventDate "2017.??.??"]
[EventType "team-tourn"]
[EventCountry "NOR"]
[SourceTitle "playchess.com"]
[Source "ChessBase"]
[SourceQuality "1"]
[TimeControl "40/5400:1800"]

1. Nf3 Nf6 2. d4 g6 3. g3 Bg7 4. Bg2 O-O 5. O-O d6 6. Bf4 Nbd7 7. Nbd2 c5 8. c3 Nd5 9. Bg5 h6 10. e4 hxg5 11. exd5 g4 12. Ng5 Nf6 13. dxc5 dxc5 14. Nc4 Rb8 15. d6 e6 16. Ne4 Nxe4 17. Bxe4 f5 18. Bc2 b5 19. Ne3 Rb6 20. Ng2 Rxd6 21. Qe2 Rd2 0-1